WLB
NEW YORK YANKEES @ HOUSTON ASTROS
04/12/2024
 
TOP OF THE 1ST
New York Yankees batting - Pitching for Houston Astros : LHP Alex Wood
Pitching: LHP Alex Wood
Batting: RHB Randy Arozarena 0-0: Ground out 2-3 (Groundball, 15S, EV 65.0 MPH)
Batting: RHB Ha-seong Kim 0-0: Foul Ball, location: 5FF
0-1: SINGLE (Line Drive, 9LM, EV 104.4 MPH)
Batting: RHB Vladimir Guerrero Jr. 0-0: Ball
1-0: Called Strike
1-1: Foul Ball, location: 9LSF
1-2: Foul Ball, location: 9LDF
1-2: Ball
2-2: Strikes out looking
Batting: RHB Mitch Garver 0-0: Ball
1-0: SINGLE (Groundball, 34D, EV 93.8 MPH)
Ha-seong Kim to second
Runner from 2nd tries for 3rd, SAFE, throw by RF made to third
Batting: SHB Ozzie Albies 0-0: Foul Ball, location: 5F
0-1: Swinging Strike
0-2: Ball
1-2: Ball
2-2: Ball
3-2: Fly out, F9 (Flyball, 9S, EV 75.0 MPH)
Top of the 1st over - 0 runs, 2 hits, 0 errors, 2 left on base; New York 0 - Houston 0
BOTTOM OF THE 1ST
Houston Astros batting - Pitching for New York Yankees : LHP Brandon Knarr
Pitching: LHP Brandon Knarr
Batting: RHB Johan Rojas 0-0: Ball
1-0: SINGLE (Line Drive, 7LS, EV 104.4 MPH)
Batting: RHB Lourdes Gurriel Jr. 0-0: Called Strike
0-1: Foul Ball, location: 3SF
0-2: Fly out, F5 (Line Drive, 56, EV 73.8 MPH)
Batting: RHB Francisco Alvarez 0-0: Ball
1-0: Ball
2-0: Called Strike
2-1: Foul Ball, location: 7LMF
2-2: Foul Ball, location: 2F
2-2: SINGLE (Groundball, 4MD, EV 108.8 MPH)
Johan Rojas to second
Runner from 2nd tries for 3rd, SAFE, no throw by CF
Batting: RHB Franmil Reyes 0-0: Called Strike
0-1: Ball
1-1: Called Strike
1-2: Foul Ball, location: 2LF, Error on foul ball, E2
1-2: Grounds into double play, 5-4-3 (Groundball, 56S, EV 85.0 MPH)
Bottom of the 1st over - 0 runs, 2 hits, 1 error, 1 left on base; New York 0 - Houston 0
TOP OF THE 2ND
New York Yankees batting - Pitching for Houston Astros : LHP Alex Wood
Batting: RHB Seiya Suzuki 0-0: Ball
1-0: Called Strike
1-1: SINGLE (Groundball, 15S, EV 67.5 MPH) (infield hit)
Batting: RHB Gary Sanchez 0-0: Ball
1-0: Foul Ball, location: 3SF
1-1: Ball
2-1: Fly out, F7 (Flyball, 7D, EV 78.1 MPH)
Batting: RHB Elvis Andrus 0-0: Foul Ball, location: 3SF
0-1: Called Strike
0-2: Ball
Passed Ball!
Seiya Suzuki to second
1-2: Strikes out swinging
Batting: LHB Cedric Mullins 0-0: Foul Ball, location: 2F
0-1: Ball
1-1: Ball
2-1: Called Strike
2-2: Foul Ball, location: 5SF
2-2: Strikes out looking
Top of the 2nd over - 0 runs, 1 hit, 0 errors, 1 left on base; New York 0 - Houston 0
BOTTOM OF THE 2ND
Houston Astros batting - Pitching for New York Yankees : LHP Brandon Knarr
Batting: RHB Luis Urias 0-0: Called Strike
0-1: Called Strike
0-2: Ball
1-2: Foul Ball, location: 5FF
1-2: Ball
2-2: SINGLE (Line Drive, 78S, EV 98.1 MPH)
Batting: LHB Odubel Herrera 0-0: Ball
1-0: Called Strike
1-1: Swinging Strike
1-2: Foul Ball, location: 2F
1-2: Grounds into double play, 6-4-3 (Groundball, 6, EV 86.3 MPH)
Batting: RHB Manny Machado 0-0: Called Strike
0-1: Foul Ball, location: 2F
0-2: Foul Ball, location: 5F
0-2: Ball
1-2: Foul Ball, location: 23F
1-2: Ball
2-2: Ball
3-2: Base on Balls
Batting: LHB Akil Baddoo 0-0: Ball
1-0: Ball
2-0: Called Strike
2-1: Called Strike
2-2: Ball
3-2: Fly out, F9 (Line Drive, 89M, EV 93.8 MPH)
Bottom of the 2nd over - 0 runs, 1 hit, 0 errors, 1 left on base; New York 0 - Houston 0
TOP OF THE 3RD
New York Yankees batting - Pitching for Houston Astros : LHP Alex Wood
Batting: RHB Randy Arozarena 0-0: Called Strike
0-1: Ball
1-1: Foul Ball, location: 2F
1-2: Fly out, F7 (Line Drive, 78M, EV 77.5 MPH)
Batting: RHB Ha-seong Kim 0-0: Foul Ball, location: 23F
0-1: Ball
1-1: Called Strike
1-2: Foul Ball, location: 2F
1-2: Foul Ball, location: 7LSFF
1-2: DOUBLE (Line Drive, 78D, EV 110.6 MPH)
Batting: RHB Vladimir Guerrero Jr. 0-0: Called Strike
0-1: Ball
1-1: Foul Ball, location: 2F
1-2: SINGLE (Line Drive, 7LM, EV 105.6 MPH)
Ha-seong Kim to third
Runner from 3rd tries for Home, SAFE, throw by LF to home
Batting: RHB Mitch Garver 0-0: Called Strike
0-1: Called Strike
0-2: Ball
1-2: Ball
2-2: Ball
3-2: Fly out, F8 (Line Drive, 8LD, EV 89.4 MPH)
Batting: SHB Ozzie Albies 0-0: Ground out 2-3 (Groundball, 15S, EV 71.3 MPH)
Top of the 3rd over - 1 run, 2 hits, 0 errors, 1 left on base; New York 1 - Houston 0
BOTTOM OF THE 3RD
Houston Astros batting - Pitching for New York Yankees : LHP Brandon Knarr
Batting: LHB Nicky Lopez 0-0: Called Strike
0-1: Ball
1-1: Called Strike
1-2: Ball
2-2: Strikes out swinging
Batting: RHB Johan Rojas 0-0: Swinging Strike
0-1: DOUBLE (Line Drive, 5D, EV 94.4 MPH)
Pinch Runner at 2nd Jose Iglesias:
Batting: RHB Lourdes Gurriel Jr. 0-0: Called Strike
0-1: Ball
1-1: SINGLE (Line Drive, 6MD, EV 86.3 MPH)
Jose Iglesias to third
Runner from 3rd tries for Home, SAFE, throw by CF to home
Batting: RHB Francisco Alvarez 0-0: Foul Ball, location: 2RF
0-1: Foul Ball, location: 5FF
0-2: Ball
1-2: Foul Ball, location: 3DF
1-2: Fly out, F8 (Flyball, 8RD, EV 93.8 MPH)
Batting: RHB Franmil Reyes 0-0: Fly out, F9 (Flyball, 89M, EV 110.6 MPH)
Bottom of the 3rd over - 1 run, 2 hits, 0 errors, 1 left on base; New York 1 - Houston 1
TOP OF THE 4TH
New York Yankees batting - Pitching for Houston Astros : LHP Alex Wood
Now at 1B: Jose Iglesias
Now in RF: Franmil Reyes
Batting: RHB Seiya Suzuki 0-0: Called Strike
0-1: Foul Ball, location: 23F
0-2: Foul Ball, location: 2F
0-2: Ball
1-2: Ball
2-2: Foul Ball, location: 25FF
2-2: SINGLE (Line Drive, 6D, EV 96.9 MPH)
Batting: RHB Gary Sanchez 0-0: Grounds into double play, 6-4-3 (Groundball, 6, EV 86.9 MPH)
Batting: RHB Elvis Andrus 0-0: Fly out, F9 (Flyball, 9LM, EV 82.5 MPH)
Top of the 4th over - 0 runs, 1 hit, 0 errors, 0 left on base; New York 1 - Houston 1
BOTTOM OF THE 4TH
Houston Astros batting - Pitching for New York Yankees : LHP Brandon Knarr
Batting: RHB Luis Urias 0-0: Called Strike
0-1: Foul Ball, location: 2F
0-2: Ground out 6-3 (Groundball, 6, EV 106.3 MPH)
Batting: LHB Odubel Herrera 0-0: Ball
1-0: Foul Ball, location: 2F
1-1: DOUBLE (Line Drive, 9LM, EV 101.9 MPH) - OUT at third base trying to stretch hit.
Batting: RHB Manny Machado 0-0: Foul Ball, location: 9LMF
0-1: Ball
1-1: Ground out 6-3 (Groundball, 6S, EV 73.8 MPH)
Bottom of the 4th over - 0 runs, 1 hit, 0 errors, 0 left on base; New York 1 - Houston 1
TOP OF THE 5TH
New York Yankees batting - Pitching for Houston Astros : LHP Alex Wood
Batting: LHB Cedric Mullins 0-0: Ball
1-0: Called Strike
1-1: Ground out 6-3 (Groundball, 6S, EV 84.4 MPH)
Batting: RHB Randy Arozarena 0-0: Foul Ball, location: 5F
0-1: Swinging Strike
0-2: Ball
1-2: Foul Ball, location: 5DF
1-2: Strikes out swinging, 2-3 out at first.
Batting: RHB Ha-seong Kim 0-0: Called Strike
0-1: Swinging Strike
0-2: Strikes out swinging
Top of the 5th over - 0 runs, 0 hits, 0 errors, 0 left on base; New York 1 - Houston 1
BOTTOM OF THE 5TH
Houston Astros batting - Pitching for New York Yankees : LHP Brandon Knarr
Batting: LHB Akil Baddoo 0-0: Called Strike
0-1: Foul Ball, location: 2LF
0-2: Foul Ball, location: 7LSF
0-2: Ball
1-2: Fly out, F8 (Flyball, 8LD, EV 80.0 MPH)
Batting: LHB Nicky Lopez 0-0: Ball
1-0: Foul Ball, location: 7LDF
1-1: Ball
2-1: Called Strike
2-2: SINGLE (Line Drive, 8LS, EV 107.5 MPH)
Batting: RHB Jose Iglesias 0-0: SINGLE (Groundball, 15S, EV 73.8 MPH) (infield hit)
Nicky Lopez to second
Batting: RHB Lourdes Gurriel Jr. 0-0: Ground out 5-3 (Groundball, 5S, EV 68.8 MPH)
Nicky Lopez to third
Jose Iglesias to second
Batting: RHB Francisco Alvarez 0-0: Ball
1-0: Ball
2-0: Ball
3-0: Called Strike
3-1: Called Strike
3-2: Fly out, F6 (Popup, 15, EV 77.5 MPH)
Bottom of the 5th over - 0 runs, 2 hits, 0 errors, 2 left on base; New York 1 - Houston 1
TOP OF THE 6TH
New York Yankees batting - Pitching for Houston Astros : LHP Alex Wood
Batting: RHB Vladimir Guerrero Jr. 0-0: Foul Ball, location: 2F
0-1: Called Strike
0-2: Foul Ball, location: 3DF
0-2: Hit by Pitch
Pinch Runner at 1st Brandon Belt:
Batting: RHB Mitch Garver 0-0: Ball
1-0: Foul Ball, location: 9LMF
1-1: Foul Ball, location: 9LMF
1-2: Ball
2-2: Ball
3-2: Grounds into double play, 6-4-3 (Groundball, 6, EV 83.8 MPH)
Batting: SHB Ozzie Albies 0-0: Ball
1-0: Fly out, F9 (Flyball, 9D, EV 91.9 MPH)
Top of the 6th over - 0 runs, 0 hits, 0 errors, 0 left on base; New York 1 - Houston 1
BOTTOM OF THE 6TH
Houston Astros batting - Pitching for New York Yankees : LHP Brandon Knarr
Pitching: RHP Scott Effross
Now at 1B: Brandon Belt
Batting: RHB Franmil Reyes 0-0: Ball
1-0: Swinging Strike
1-1: Called Strike
1-2: Strikes out swinging
Batting: RHB Luis Urias 0-0: Ball
1-0: Ball
2-0: Ball
3-0: Base on Balls
Batting: LHB Odubel Herrera 0-0: Swinging Strike
Luis Urias steals 2nd base
0-1: Ball
1-1: Called Strike
1-2: Fly out, F8 (Flyball, 8LD, EV 92.5 MPH)
Runner from 2nd tags up, SAFE at 3rd with throw by CF
Batting: RHB Manny Machado 0-0: Swinging Strike
0-1: Called Strike
0-2: Fly out, F8 (Flyball, 8RM, EV 98.1 MPH)
Bottom of the 6th over - 0 runs, 0 hits, 0 errors, 1 left on base; New York 1 - Houston 1
TOP OF THE 7TH
New York Yankees batting - Pitching for Houston Astros : LHP Alex Wood
Batting: RHB Seiya Suzuki 0-0: Swinging Strike
0-1: SINGLE (Groundball, 6D, EV 98.8 MPH)
Batting: RHB Gary Sanchez 0-0: Ball
1-0: Called Strike
1-1: Ball
2-1: Foul Ball, location: 2F
2-2: Strikes out swinging
Pitching: RHP Mason Miller
Batting: RHB Elvis Andrus 0-0: Called Strike
Seiya Suzuki steals 2nd base
0-1: Ground out 6-3 (Groundball, 6S, EV 90.6 MPH)
Seiya Suzuki to third
Batting: LHB Cedric Mullins 0-0: Called Strike
0-1: Called Strike
0-2: Foul Ball, location: 5F
0-2: Strikes out swinging
Top of the 7th over - 0 runs, 1 hit, 0 errors, 1 left on base; New York 1 - Houston 1
BOTTOM OF THE 7TH
Houston Astros batting - Pitching for New York Yankees : RHP Scott Effross
Pitching: RHP Eric Orze
Batting: LHB Akil Baddoo 0-0: Ball
1-0: Ball
2-0: Ball
3-0: Base on Balls
Batting: LHB Nicky Lopez 0-0: Swinging Strike
0-1: Fielders Choice at 2nd, 6-4 (Groundball, 6, EV 84.4 MPH)
Batting: RHB Jose Iglesias 0-0: Ball
1-0: Ball
2-0: Fly out, F8 (Line Drive, 8RM, EV 92.5 MPH)
Batting: RHB Lourdes Gurriel Jr. 0-0: Fly out, F4 (Popup, 13S, EV 81.3 MPH)
Bottom of the 7th over - 0 runs, 0 hits, 0 errors, 1 left on base; New York 1 - Houston 1
TOP OF THE 8TH
New York Yankees batting - Pitching for Houston Astros : RHP Mason Miller
Batting: RHB Randy Arozarena 0-0: Ground out 1-3 (Groundball, 13S, EV 61.9 MPH)
Pinch Hitting: LHB Daniel Vogelbach 0-0: Ball
1-0: Ball
2-0: Ball
3-0: Called Strike
3-1: Base on Balls
Pitching: LHP Adam Morgan
Pinch Hitting: RHB Tom Murphy 0-0: Ball
1-0: Called Strike
1-1: Ball
2-1: Foul Ball, location: 7LDF
2-2: Ball
3-2: Foul Ball, location: 2LF
3-2: Fly out, F8 (Line Drive, 78M, EV 95.0 MPH)
Batting: RHB Mitch Garver 0-0: Ball
1-0: Foul Ball, location: 9LDF
1-1: Ball
2-1: Foul Ball, location: 9LMF
2-2: Strikes out swinging
Top of the 8th over - 0 runs, 0 hits, 0 errors, 1 left on base; New York 1 - Houston 1
BOTTOM OF THE 8TH
Houston Astros batting - Pitching for New York Yankees : RHP Eric Orze
Now at 1B: Daniel Vogelbach
Now at 3B: Matt Chapman
Batting: RHB Francisco Alvarez 0-0: Foul Ball, location: 2F
0-1: Swinging Strike
0-2: Ball
1-2: Foul Ball, location: 5FF
1-2: Foul Ball, location: 7LDF
1-2: Strikes out swinging
Batting: RHB Franmil Reyes 0-0: Ball
1-0: Ball
2-0: Called Strike
2-1: Foul Ball, location: 2F
2-2: Strikes out swinging
Batting: RHB Luis Urias 0-0: Called Strike
0-1: Foul Ball, location: 2F
0-2: Ground out 5-3 (Groundball, 56, EV 94.4 MPH)
Bottom of the 8th over - 0 runs, 0 hits, 0 errors, 0 left on base; New York 1 - Houston 1
TOP OF THE 9TH
New York Yankees batting - Pitching for Houston Astros : LHP Adam Morgan
Batting: SHB Ozzie Albies 0-0: Called Strike
0-1: Ball
1-1: Ball
2-1: Foul Ball, location: 2F
2-2: Fly out, F8 (Line Drive, 78M, EV 96.9 MPH)
Batting: RHB Seiya Suzuki 0-0: Swinging Strike
0-1: Ball
1-1: Fly out, F2 (Popup, 2LF, EV 78.8 MPH)
Batting: RHB Gary Sanchez 0-0: Called Strike
0-1: Ball
1-1: Foul Ball, location: 3F
1-2: Ball
2-2: Foul Ball, location: 9LDF
2-2: SOLO HOME RUN (Flyball, 78XD, EV 101.3 MPH), Distance : 429 ft
Pitching: RHP Alex Reyes
Batting: RHB Elvis Andrus 0-0: Swinging Strike
0-1: Swinging Strike
0-2: Ball
1-2: Strikes out swinging, 2-3 out at first.
Top of the 9th over - 1 run, 1 hit, 0 errors, 0 left on base; New York 2 - Houston 1
BOTTOM OF THE 9TH
Houston Astros batting - Pitching for New York Yankees : RHP Eric Orze
Pitching: RHP Liam Hendriks
Batting: LHB Odubel Herrera 0-0: Called Strike
0-1: Foul Ball, location: 2F
0-2: Ball
1-2: Strikes out swinging
Batting: RHB Manny Machado 0-0: Fly out, F7 (Flyball, 78D, EV 110.6 MPH)
Batting: LHB Akil Baddoo 0-0: Ball
1-0: Called Strike
1-1: Ball
2-1: Foul Ball, location: 2F
2-2: Ball
3-2: Ground out 6-3 (Groundball, 6, EV 102.5 MPH)
Bottom of the 9th over - 0 runs, 0 hits, 0 errors, 0 left on base; New York 2 - Houston 1
Thursday, February 8th , 2024 - OOTP Baseball 24.11 Build 85